AoeStats
← AriseFairTurtle

Pilgrims

509781141Analyzed
3v3 RM · 5d ago on Sep 28, 2026· 21m 39s· 6 players
Game mode
Random Map
Map size
Normal (6 player)
Population
200
Speed
Normal
Resources
Standard
Victory
Conquest
Starting age
Dark Age
Ending age
Imperial Age
RankedLock teamsTeams togetherTeam positionsShared explorationLock speedFull tech treeHidden civsTurbo modeCheats
Victory
Defeat
🇨🇦 Cumans · Canada
1012
+13
🇨🇦 Georgians · Canada
990
+14
🇨🇦 Japanese · Canada
924
+17
🇺🇸 Maya · United States
1000
-54
🇺🇸 Japanese · United States
933
-25
🇺🇸 Celts · United States
887
-35
PedroTheGreat46
10:25 Loom
12:46 Feudal Age
12:52 Feudal Age
13:55 Double-Bit Axe
14:06 Horse Collar
17:21 Gold Mining
20:35 Wheelbarrow
AriseFairTurtle
15:46 Feudal Age
14:36 Loom
thernh
10:26 Feudal Age
10:48 Fishing Lines
11:38 Double-Bit Axe
12:12 Horse Collar
13:39 Loom
14:30 Wheelbarrow
21:25 Castle Age
banana
12:48 Feudal Age
11:57 Loom
16:04 Double-Bit Axe
16:03 Horse Collar
18:49 Bloodlines
18:51 Town Watch
19:42 Wheelbarrow
22:06 Forging
Chemo-Sabi
7:58 Loom
11:09 Feudal Age
11:34 Double-Bit Axe
11:57 Fishing Lines
12:56 Gold Mining
12:59 Horse Collar
13:56 Town Watch
14:49 Wheelbarrow
14:46 Stone Mining
16:24 Fletching
19:57 Castle Age
Hayah
5:37 Loom
12:31 Feudal Age
13:16 Double-Bit Axe
13:57 Horse Collar
16:10 Forging
16:02 Man-at-Arms
16:59 Scale Mail Armor
23:05 Castle Age
21:40 Arson
Connection lost

Rejoining the realm…

Still unreachable

The connection could not be restored.

Session expired

The server has moved on; the page needs a fresh start.